 Dungeon Crawl Stone Soup version 0.22-a0-268-g1cc83ef (webtiles) character file.

3952 Zwobot the Covert (level 10, -4/68 HPs)
             Began as an Octopode Enchanter on Mar 9, 2018.
             Was a Priest of Dithmenos.
             Slain by a steam dragon (11 damage)
             ... on level 8 of the Dungeon.
             The game lasted 00:38:19 (9828 turns).

Zwobot the Covert (Octopode Enchanter)              Turns: 9828, Time: 00:38:19

Health: -4/68      AC:  1    Str:  8    XL:     10   Next: 21%
Magic:  15/15      EV: 13    Int: 18    God:    Dithmenos [***...]
Gold:   118        SH:  0    Dex: 15    Spells: 10/16 levels left

rFire    . . .     SeeInvis .   a - +1 dagger
rCold    . . .     Gourm    .   (no shield)
rNeg     . . .     Faith    .   (helmet restricted)
rPois    +         Spirit   .   o - amulet of the acrobat
rElec    .         Reflect  .   d - ring of poison resistance
rCorr    .         Harm     .   (no ring)
MR       .....                  (no ring)
Stlth    +++++++...             (no ring)
HPRegen  0.21/turn              (no ring)
MPRegen  0.14/turn              (no ring)
                                (no ring)
                                (no ring)

@: wreathed by umbra, drained
A: almost no armour, stealthy swim, amphibious, 8 rings, constrict 8, camouflage
1, gelatinous body 1
a: Shadow Step, Renounce Religion


You were on level 8 of the Dungeon.
You worshipped Dithmenos.
Dithmenos was most pleased with you.
You were not hungry.

You visited 2 branches of the dungeon, and saw 9 of its levels.

You collected 299 gold pieces.
You spent 181 gold pieces at shops.

Inventory:

Hand Weapons
 a - a +1 dagger (weapon)
 i - a +0 rapier
 l - a +0 hunting sling
Missiles
 b - 168 stones (quivered)
 g - 53 bolts
 p - 49 sling bullets
Jewellery
 d - a ring of poison resistance (left tentacle)
 o - an amulet of the acrobat (around mantle)
 t - an uncursed amulet of the acrobat
Wands
 r - a wand of iceblast (13)
Scrolls
 f - a scroll of amnesia
 j - a scroll of enchant armour
 k - 3 scrolls of remove curse
 n - 3 scrolls of magic mapping
 q - a scroll of noise
 s - 3 scrolls of fog {unknown}
 u - 2 scrolls of random uselessness {unknown}
 w - a scroll of fear {unknown}
Potions
 e - a potion of ambrosia
 m - 3 potions of curing
 v - a potion of flight
Comestibles
 c - 8 rations


   Skills:
 + Level 6.2(5.7) Fighting
 - Level 8.9(8.3) Short Blades
 - Level 2.0(1.5) Dodging
 + Level 9.9(9.3) Stealth
 + Level 3.6(3.1) Spellcasting
 * Level 5.7(5.1) Hexes
 - Level 3.3(2.8) Ice Magic


You had 10 spell levels left.
You knew the following spells:

 Your Spells              Type           Power        Failure   Level  Hunger
a - Ensorcelled Hibernat  Hex/Ice        ###...       4%          2    ##.....
b - Corona                Hex            ###....      1%          1    None
c - Confuse               Hex            ###.....     6%          3    ###....


Dungeon Overview and Level Annotations

Branches:
Dungeon (8/15)             Temple (1/1) D:4
   Lair: D:8-11

Altars:
Cheibriados
Dithmenos
Gozag
Nemelex Xobeh
Vehumet
Xom

Shops:
D:4 (:%*=   D:6 ?

Annotations:
D:3 1 exclusion
D:4 exclusion: statue
D:8 Grum


Innate Abilities, Weirdness & Mutations

You cannot wear most types of armour.
You are very stealthy in the water. (Stealth+)
You are amphibious.
You can wear up to eight rings at the same time.
You can use your tentacles to constrict eight enemies at once.
Your skin changes colour to match your surroundings (Stealth+).
Your rubbery body absorbs attacks. (AC +1, EV +1)


Message History

Evoke which item? (* to show all) (? for menu, Esc to quit)
Okay, then.
You fail to use your ability.
The orc warrior shouts!
The wight hits you with an enchanted battleaxe!
The wight closely misses you. The steam dragon bites you.
The steam dragon completely misses you.
Okay, then.
Unknown command.
The wight hits you with a falchion of freezing.
You feel drained. The wight freezes you.
The wight hits you with an enchanted falchion.
You feel drained.
The wight hits you with an enchanted battleaxe!
* * * LOW HITPOINT WARNING * * *
The orc priest calls down the wrath of Beogh upon you.
Beogh smites you!
* * * LOW HITPOINT WARNING * * *
The steam dragon bites you!
You die... # ..####### ......n.# #..zD# #Fz@# #ozz#

.Z>o.h#
$....o[(#
.<[##.<.#
#. #.(.#
# ##...#
#F.>.#
#.>..#


You could see a steam dragon, an orc warrior, a necrophage, 2 bullfrogs, 4
wights, an orc priest, an orc, a jackal and an adder skeleton.

Vanquished Creatures
  A gargoyle (D:5)
  Menkaure (D:4)
  2 phantoms
  3 sky beasts
  3 orc warriors (D:6)
  An ice beast (D:7)
  2 ogres
  4 wolves (D:7)
  4 centaurs
  2 crocodiles
  A bullfrog (D:5)
  A gnoll sergeant (D:5)
  A wyvern skeleton (D:6)
  A scorpion (D:6)
  3 killer bees
  4 wights
  4 howler monkeys
  2 bullfrog zombies
  3 orc priests
  2 hounds
  3 bullfrog skeletons
  3 orc wizards
  A centaur skeleton (D:6)
  2 iguanas
  12 worker ants
  A howler monkey zombie (D:5)
  12 gnolls
  5 adders
  3 shadow imps
  3 adder skeletons
  A worm (D:2)
  4 dart slugs
  5 leopard geckos
  34 orcs
  10 giant cockroaches
  7 goblins
  6 hobgoblins
  13 jackals
  8 quokkas
  10 bats
  8 frilled lizards
  7 kobolds
  8 rats
  A butterfly (D:7)
212 creatures vanquished.

Notes
Turn   | Place    | Note
-------+----------+-------------------------------------------
     0 | D:1      | Zwobot the Octopode Enchanter began the quest for the Orb.
     0 | D:1      | Reached XP level 1. HP: 11/11 MP: 3/3
   462 | D:1      | Reached XP level 2. HP: 15/18 MP: 5/5
  1110 | D:1      | Reached skill level 1 in Fighting
  1110 | D:1      | Reached XP level 3. HP: 23/23 MP: 6/6
  1564 | D:2      | Learned a level 2 spell: Ensorcelled Hibernation
  1568 | D:2      | Learned a level 3 spell: Confuse
  1798 | D:2      | Reached XP level 4. HP: 19/28 MP: 0/7
  2322 | D:2      | Reached skill level 1 in Ice Magic
  2349 | D:2      | Found a shadowy altar of Dithmenos.
  2356 | D:2      | Became a worshipper of Dithmenos the Shadowed
  2512 | D:3      | Reached skill level 5 in Stealth
  2640 | D:3      | Reached XP level 5. HP: 33/34 MP: 8/8
  2992 | D:3      | Reached * piety under Dithmenos
  3328 | D:4      | Found Yteyd's Book Shoppe.
  3349 | D:4      | Noticed Menkaure
  3399 | D:4      | Noticed an ogre
  3649 | D:4      | Found Ziofriwk's Assorted Antiques.
  3651 | D:4      | Found Obruney's Food Shoppe.
  3797 | D:4      | Reached XP level 6. HP: 28/39 MP: 0/9
  4156 | D:4      | Found a staircase to the Ecumenical Temple.
  4165 | Temple   | Entered the Ecumenical Temple
  4239 | D:4      | Found Xyenkos's Weapon Boutique.
  4275 | D:4      | Reached skill level 6 in Stealth
  4283 | D:4      | Killed Menkaure
  4283 | D:4      | Reached XP level 7. HP: 38/46 MP: 2/10
  4466 | D:4      | Reached skill level 5 in Short Blades
  4691 | D:4      | Found a radiant altar of Vehumet.
  4727 | D:4      | Found Zumaenk's Jewellery Boutique.
  4772 | D:5      | Entered Level 5 of the Dungeon
  4947 | D:5      | Noticed a gargoyle
  5035 | D:5      | Reached XP level 8. HP: 44/53 MP: 6/11
  5092 | D:5      | Reached skill level 7 in Stealth
  5411 | D:5      | Reached ** piety under Dithmenos
  5594 | D:5      | Killed a gargoyle
  5594 | D:5      | Reached skill level 8 in Stealth
  5792 | D:5      | Found a snail-covered altar of Cheibriados.
  6047 | D:5      | Reached skill level 5 in Fighting
  6047 | D:5      | Reached XP level 9. HP: 61/61 MP: 12/12
  6922 | D:6      | Found a shimmering altar of Xom.
  6931 | D:6      | Found Fubb's Magic Scroll Shop.
  6934 | D:6      | Bought a scroll of identify for 28 gold pieces
  6934 | D:6      | Bought a scroll of identify for 28 gold pieces
  7000 | D:6      | Reached skill level 9 in Stealth
  7188 | D:6      | Reached *** piety under Dithmenos
  7988 | D:6      | Found a sparkling altar of Nemelex Xobeh.
  8716 | D:6      | Reached skill level 5 in Hexes
  8731 | D:6      | Reached XP level 10. HP: 47/68 MP: 5/14
  9109 | D:4      | Bought a moonstone ring for 125 gold pieces
  9687 | D:8      | Noticed Grum
  9828 | D:8      | Slain by a steam dragon

Vault maps used:
D:1:      grunt_arrival_crossed_arrows, minmay_hedge_maze
D:2:      grunt_dithmenos_smoke, hex_medium
D:4:      vehumet_statue, minmay_temple_entry_purple_smoke, serial_shops,
          nicolae_shop_waterfront, shop, shop, kennysheep_mini_moat, shop,
          uniq_menkaure
D:5:      cheibrodos_fzero, overflow_temple_1_default, first_ration,
          grunt_ministairs_4
D:6:      lemuel_doored_altar, xom_butterflies, serial_shops, shop,
          feat_on_display
D:8:      nicolae_qazlal_style_of_elements, blue_anna_alchemist, uniq_grum
Temple:   eino_wide_crystal_templ

Skill      XL: |  1  2  3  4  5  6  7  8  9 10 |
---------------+-------------------------------+-----
Short Blades   | 2 3 4 5 7 8 |  8.9
Fighting       | 1 2 3 5 6 |  6.2
Ice Magic      | 1 2 3 |  3.3
Stealth        | 5 6 8 9 |  9.9
Hexes          | 5 |  5.7
Spellcasting   | 3 |  3.6
Dodging        | |  2.0

Action                   |  1- 3 |  4- 6 |  7- 9 | 10-12 || total
-------------------------+-------+-------+-------+-------++-------
Melee: Dagger            |    92 |   143 |   309 |    22 ||   566
       Constrict         |    18 |    34 |    44 |     1 ||    97
       Tentacles         |     9 |    28 |    51 |     2 ||    90
Throw: Stone             |     2 |     1 |     4 |       ||     7
 Cast: Ensorcelled Hiber |     3 |    27 |    74 |     6 ||   110
       Corona            |     1 |       |       |       ||     1
       Confuse           |       |       |    19 |     5 ||    24
Invok: Shadow Step       |       |       |     2 |       ||     2
  Use: Scroll            |     4 |     2 |     6 |     1 ||    13
       Potion            |       |     6 |     1 |     2 ||     9
 Stab: Sleeping          |    17 |    16 |    56 |     9 ||    98
       Distracted        |       |     1 |     2 |     1 ||     4
       Confused          |       |       |    10 |     1 ||    11
  Eat: Chunk             |     3 |    10 |    14 |     2 ||    29
       Ration            |       |       |     2 |     1 ||     3
Armor: Skin              |     7 |     6 |     4 |     1 ||    18
Dodge: Dodged            |    38 |   100 |   175 |    25 ||   338

Table legend:
 A = Spawn XP
 B = Non-spawn XP
 C = Spawn XP percentage of total XP
 D = Spawn monster count
 E = Non-spawn monster count
 F = Spawn count percentage of total count
 G = Total turns spent on level
                    A         B        C        D         E        F      G
               +---------+---------+-------+---------+---------+-------+---------
         Total |       0 |    5646 |   0.0 |       0 |     211 |   0.0 |  9828
               +---------+---------+-------+---------+---------+-------+---------
           D:1 |       0 |      38 |   0.0 |       0 |      25 |   0.0 |  1386
           D:2 |       0 |     106 |   0.0 |       0 |      24 |   0.0 |  1085
           D:3 |       0 |      70 |   0.0 |       0 |      33 |   0.0 |  1259
           D:4 |       0 |     696 |   0.0 |       0 |      22 |   0.0 |  1106
           D:5 |       0 |    1553 |   0.0 |       0 |      36 |   0.0 |  2109
           D:6 |       0 |    1475 |   0.0 |       0 |      46 |   0.0 |  1296
           D:7 |       0 |    1590 |   0.0 |       0 |      24 |   0.0 |  1580
           D:8 |       0 |     118 |   0.0 |       0 |       1 |   0.0 |     5
               +---------+---------+-------+---------+---------+-------+---------
